 Dungeon Crawl Stone Soup version 0.27.1 (webtiles) character file.

Game seed: 14739491008065971682

42 MacCMillion the Gusty (level 3, -4/26 HPs)
             Began as a Demigod Air Elementalist on Aug 28, 2021.
             Slain by a gnoll (9 damage)
             ... on level 1 of the Dungeon.
             The game lasted 00:05:41 (1570 turns).

MacCMillion the Gusty (Demigod Air Elementalist)    Turns: 1570, Time: 00:05:42

Health: -4/26      AC:  3    Str:  9    XL:     3   Next: 19%
Magic:  5/8        EV: 12    Int: 21    God:
Gold:   77         SH:  0    Dex: 14    Spells: 4/5 levels left

rFire    . . .     SeeInvis .   c - +0 dagger
rCold    . . .     Faith    .   (no shield)
rNeg     . . .     Spirit   .   a - +0 robe
rPois    .         Reflect  .   b - +0 helmet
rElec    .         Harm     .   (no cloak)
rCorr    .         Rampage  .   (no gloves)
Will     .....                  (no boots)
Stlth    ++........             (no amulet)
HPRegen  0.08/turn              (no ring)
MPRegen  0.11/turn              (no ring)

@: no status effects
A: high mp 1, forlorn
a: no special abilities


You were on level 1 of the Dungeon.
You visited 1 branch of the dungeon, and saw 3 of its levels.

You collected 77 gold pieces.

Inventory:

Hand Weapons
 c - a +0 dagger (weapon)
Armour
 a - a +0 robe (worn)
 b - a +0 helmet (worn)
Scrolls
 d - 2 scrolls of teleportation {unknown}
 f - a scroll of amnesia {unknown}
 g - 3 scrolls of vulnerability {unknown}
 j - a scroll of brand weapon {unknown}
 k - 2 scrolls of magic mapping {unknown}
 l - a scroll of identify {unknown}
Potions
 e - 3 potions of brilliance {unknown}
 h - a potion of berserk rage {unknown}
 i - a potion of flight {unknown}


   Skills:
 - Level 1.7 Dodging
 + Level 2.2 Stealth
 + Level 1.8 Spellcasting
 + Level 1.4 Conjurations
 * Level 3.5 Air Magic


You had 4 spell levels left.
You knew the following spells:

 Your Spells              Type           Power      Damage    Failure   Level
a - Shock                 Conj/Air       48%        1d6       5%          1

Your spell library contained the following spells:

 Spells                   Type           Power      Damage    Failure   Level
 Static Discharge         Conj/Air       12%        N/A       9%          2
 Swiftness                Air            16%        N/A       11%         3
 Animate Skeleton         Necr           2%         N/A       16%         1
 Apportation              Tloc           2%         N/A       16%         1
 Corona                   Hex            1%         N/A       16%         1
 Summon Small Mammal      Summ           4%         N/A       16%         1
 Airstrike                Air            8%         N/A       34%         4


Dungeon Overview and Level Annotations

Branches:
Dungeon (3/15)

Shops:
D:1 [=[


Innate Abilities, Weirdness & Mutations

Your attributes grow dramatically as you level up.
You have an increased reservoir of magic. (+10% MP)
You shall have no god before yourself.


Message History

You are too depleted to draw on your mana recklessly!
The gnoll closely misses you. The gnoll hits you with a +0 flail!
Things that are here:
a stone; a +0 dagger You open the door.
The gnoll hits you with a +0 flail.
There is an open door here.
You are too injured to fight recklessly!
Things that are here:
a stone; a +0 dagger
Aiming: Shock (safe; 5% risk of failure)
Press: ? - help, Q - select action Shift-Dir - straight line, f/p - gnoll
Aim: a gnoll, wielding a +0 flail (heavily wounded, 72% to hit)
The zap hits the gnoll.
The gnoll is severely wounded.
The gnoll hits you with a +0 flail.
Aiming: Shock (safe; 5% risk of failure)
Press: ? - help, Q - select action Shift-Dir - straight line, f/p - gnoll
Aim: a gnoll, wielding a +0 flail (severely wounded, 72% to hit)
The zap hits the gnoll.
The gnoll is severely wounded.
The gnoll closely misses you.
Aiming: Shock (safe; 5% risk of failure)
Press: ? - help, Q - select action Shift-Dir - straight line, f/p - gnoll
Aim: a gnoll, wielding a +0 flail (severely wounded, 72% to hit)
The zap hits the gnoll.
The gnoll is almost dead.
The gnoll hits you with a +0 flail!
* * * LOW HITPOINT WARNING * * *
There is an open door here.
Hit: c) +0 dagger
Press: ? - help, Dir - move target, f/p - gnoll
Aim: a gnoll, wielding a +0 flail (almost dead, about 34% to evade your +0 dagger)
Okay, then.
Things that are here:
a stone; a +0 dagger
There is an open door here.
The gnoll barely misses you. The gnoll hits you with a +0 flail!
You die...

#..##..# #........#
#.# #>..####
#........# #.# #####
#...# #........# #.#
#...# #...# #........#
#.# #.<.# #...#
#........# #.# #...#
###...#######........#
#.# #...#
..+....(....'........#
#.####'###
..#...#######....g...#
#.##......
..'.............@....#
#.#.......
..##########.........#
#.#.#####. .†#
#.######### #.#..#..#.
..# #.# #.##.#..#. ###
#.# #.##.#+#.. #.#
#.#....... #.#
#.#.#.#.## ..#
#.#.#..... ...#
#.#.#..#..


You could see a gnoll.

Vanquished Creatures
  An adder (D:3)
  2 dart slugs
  6 bats
  3 endoplasms (D:1)
  3 giant cockroaches (D:1)
  3 hobgoblins (D:1)
  2 jackals (D:1)
  A frilled lizard (D:1)
  2 goblins (D:1)
  2 kobolds (D:1)
  3 rats (D:1)
28 creatures vanquished.

Notes
Turn   | Place    | Note
-------+----------+-------------------------------------------
     0 | D:1      | MacCMillion the Demigod Air Elementalist began the quest
                  | for the Orb.
     0 | D:1      | Reached XP level 1. HP: 14/14 MP: 5/5
   122 | D:1      | Reached skill level 1 in Conjurations
   129 | D:1      | Reached skill level 3 in Air Magic
   398 | D:1      | Found Xuorph's Antique Armour Shoppe.
   486 | D:1      | Reached XP level 2. HP: 20/20 MP: 0/7
   575 | D:1      | Found Poebe's Jewellery Boutique.
   646 | D:1      | Found Laqeptai's Armour Shoppe.
   961 | D:1      | You fall into a shaft and drop 1 floor!
  1222 | D:3      | Reached XP level 3. HP: 26/26 MP: 2/8
  1570 | D:1      | Slain by a gnoll

Illustrated notes

Levels and vault maps discovered:
D:1:      dpeg_arrival_erosion, layout_basic, serial_glass, glass_columns_b,
          glass_columns_a, serial_shops, nicolae_square_shop, shop, shop,
          chequers_ecumenical_altar_island, nrook_mini_backslash
D:2:      layout_rooms, chequers_arboretum, minmay_misc_feat_alley,
          amcnicky_mini_corridor_feature
D:3:      layout_loops_cross, kiku_gazebo_pond_becter,
          gammafunk_temple_overflow_wave

Skill      XL: |  1 |
---------------+----+-----
Conjurations   | 1 |  1.4
Air Magic      | 3 |  3.5
Stealth        | 2 |  2.2
Dodging        | |  1.7
Spellcasting   | |  1.8

Action                   || total
-------------------------++-------
Melee: Dagger            ||     1
 Cast: Shock             ||    66
Armor: Robe              ||     2
Dodge: Dodged            ||     4
